 Dungeon Crawl Stone Soup version 0.29.0-15-g675c0067aa (webtiles) character file.

Game seed: 6229451525998658746

12 qw the Sneak (level 2, -6/19 HPs)
             Began as a Gargoyle Delver on Sept 11, 2022.
             Killed from afar by a goblin (7 damage)
             ... with a puff of flame
             ... on level 4 of the Dungeon.
             The game lasted 00:00:12 (367 turns).

qw the Sneak (Gargoyle Delver)                       Turns: 367, Time: 00:00:13

Health: -6/19      AC:  5    Str: 15    XL:     2   Next: 33%
Magic:  2/2        EV: 11    Int: 10    God:
Gold:   26         SH:  0    Dex: 11    Spells: 1/1 levels left

rFire   . . .      SeeInvis .   a - +0 hand axe
rCold   . . .      Faith    .   (no shield)
rNeg    + . .      Spirit   .   b - +0 leather armour
rPois   inf        Reflect  .   (no helmet)
rElec   +          Harm     .   (no cloak)
rCorr   .          Rampage  .   (no gloves)
Will    .....                   (no boots)
Stlth   +++.......              (no amulet)
HPRegen 0.06/turn               (no ring)
MPRegen 0.08/turn               (no ring)

@: no status effects
A: sickness immunity, AC +2, negative energy resistance 1, electricity
resistance, torment resistance 1, petrification resistance
a: no special abilities


You were on level 4 of the Dungeon.
You visited 1 branch of the dungeon, and saw 3 of its levels.

You collected 26 gold pieces.


Innate Abilities, Weirdness & Mutations

You are immune to sickness and miasma.
Your stone body is resilient. (AC +2)
You are immune to poison.
You resist negative energy. (rN+)
You are resistant to electric shocks. (rElec)
You are resistant to unholy torment.
You are immune to petrification.


   Skills:
 - Level 3.2 Fighting
 + Level 2.6 Axes
 - Level 1.5 Dodging
 - Level 5.4 Stealth


You had one spell level left.
You didn't know any spells.
Your spell library was empty.

Inventory:

Hand Weapons
 a - a +0 hand axe (weapon)
 i - a +0 flail
Missiles
 c - 3 javelins (quivered)
Armour
 b - a +0 leather armour (worn)
 d - a +0 pair of gloves
 h - a +0 scale mail
Jewellery
 e - a +4 ring of evasion
 j - an amulet of reflection
Wands
 g - a wand of digging (3)
Potions
 f - a potion of haste

Dungeon Overview and Level Annotations

Branches:
Dungeon (5/15)
 Temple: D:4-7

Altars:
Cheibriados

Shops:
D:4 *   D:5 [


Message History

The orc shouts!
You hit the orc.
The orc is heavily wounded.
You closely miss the goblin.
You hear a shout!
The orc hits you but does no damage. The goblin hits you but does no damage.
You closely miss the orc.
The orc is heavily wounded.
You hit the goblin but do no damage. The goblin hits you but does no damage.
The orc barely misses you.
You closely miss the orc.
The orc is heavily wounded.
You hit the goblin but do no damage. The orc misses you.
The goblin zaps a wand.
The puff of flame misses you.
The goblin zaps a wand.
The puff of flame hits you. The orc hits you with a +0 short sword.
You closely miss the orc.
The orc is heavily wounded.
You barely miss the goblin.
The orc shouts!
The orc hits you with a +0 short sword. The goblin hits you but does no damage.
You barely miss the orc.
The orc is heavily wounded.
You closely miss the goblin. The orc closely misses you.
The goblin barely misses you.
You barely miss the orc.
The orc is heavily wounded.
You hit the orc but do no damage. You hit the goblin. The goblin hits you.
The orc closely misses you. The orc hits you but does no damage.
You hit the orc.
The orc is severely wounded.
You barely miss the orc. You hit the goblin. The orc closely misses you.
The orc hits you with a +0 mace. The goblin hits you but does no damage.
You barely miss the goblin.
The goblin is severely wounded.
You hit the orc. x3
The goblin zaps a wand.
The puff of flame hits you!
You die...

...##...........
...##.........#. .#..##
..........##..........#
..........#.....#.(...#
..###...)..#.........#
........#..#....#.#..#
.###...##.......#.o..#
.###...........goo.#
.#.............o@.#
....#.............##.#
#..##..................
######.................
##....##........#.#
##....###..#.##.## #
###....%#####..# ##
#........## ###
#.........#


You could see 4 orcs and a goblin.

Vanquished Creatures
  An orc (D:4)
  An endoplasm (D:4)
  A giant cockroach (D:4)
  2 hobgoblins (D:4)
  A kobold (D:4)
  A quokka (D:4)
  A ball python (D:4)
  2 goblins (D:4)
10 creatures vanquished.

Notes
Turn   | Place    | Note
-------+----------+-------------------------------------------
     0 | D:5      | qw the Gargoyle Delver began the quest for the Orb.
     0 | D:5      | Reached XP level 1. HP: 14/14 MP: 1/1
     0 | D:5      | 0 ||| qw: Version: 0.1-a-118-gb4e7ce6
     0 | D:5      | 0 ||| qw: Game counter: 10333
     0 | D:5      | 0 ||| qw: Always use a shield: true
     0 | D:5      | 0 ||| qw: God list: Okawaru
     0 | D:5      | 0 ||| qw: Allow faded altars: false
     0 | D:5      | 0 ||| qw: Do Orc after D:15 true
     0 | D:5      | 0 ||| qw: Do second Lair branch before Depths: true
     0 | D:5      | 0 ||| qw: Lair rune preference: random
     0 | D:5      | 0 ||| qw: Plans: Normal
     0 | D:5      | 0 ||| PLANNING D:1-11
     0 | D:5      | 0 ||| DROPPING scroll of fog.
     1 | D:5      | 1 ||| DROPPING scroll of magic mapping.
     2 | D:5      | 2 ||| DROPPING scroll of fear.
   115 | D:4      | 115 ||| Stepping ~*~*~tactically~*~*~ (stealth).
   118 | D:4      | 118 ||| Stepping ~*~*~tactically~*~*~ (stealth).
   120 | D:4      | 120 ||| Stepping ~*~*~tactically~*~*~ (stealth).
   127 | D:4      | 127 ||| Stepping ~*~*~tactically~*~*~ (stealth).
   148 | D:3      | Found a snail-covered altar of Cheibriados.
   198 | D:4      | Reached XP level 2. HP: 19/19 MP: 2/2
   202 | D:4      | 202 ||| DROPPING +0 club.
   205 | D:4      | Found Voch's General Store.
   219 | D:4      | 219 ||| SHOPLISTING +0 pair of boots (63 gold, have 0).
   219 | D:4      | 219 ||| SHOPLISTING +1 scale mail of the Several Bounties
                  | {Will++ Int-2 Dex+2} (420 gold, have 0).
   219 | D:4      | 219 ||| SHOPLISTING ring of resist corrosion (280 gold,
                  | have 0).
   219 | D:4      | 219 ||| SHOPLISTING scroll of teleportation (42 gold, have
                  | 0).
   363 | D:4      | HP: 3/19 [orc/+0 short sword (2)]
   366 | D:4      | HP: 1/19 [orc/+0 mace (1)]
   367 | D:4      | Killed from afar by a goblin

Levels and vault maps discovered:
D:3:      layout_loops_ring, nicolae_overflow_hidden_temple, minivault_11
D:4:      layout_cave_pools, vehumet_altar_wand_db, serial_shops,
          nicolae_shop_statue_plus
D:5:      layout_basic, kennysheep_vampire_church,
          minmay_temple_entry_offerings, portal_sewer_entry_f, serial_shops,
          nicolae_shop_crystal, nicolae_stop_n_shop_2, shop, shop,
          hangedman_decor_diamond_cutter, nicolae_shop_vocational

Skill      XL: |  1 |
---------------+----+-----
Axes           | 2 |  2.6
Fighting       | |  3.2
Dodging        | |  1.5
Stealth        | |  5.4

Action                   || total
-------------------------++-------
Melee: Hand axe          ||    28
Throw: Javelin           ||    16
Armor: Leather armour    ||    13
Dodge: Dodged            ||    13

Table legend:
 A = Non-vault XP
 B = Vault XP
 C = Vault XP percentage of total XP
 D = Non-vault monster count
 E = Vault monster count
 F = Vault count percentage of total count
                 A         B        C        D         E       F
            +---------+---------+-------+---------+---------+-------
      Total |      18 |       0 |   0.0 |      10 |       0 |   0.0
            +---------+---------+-------+---------+---------+-------
        D:4 |      18 |       0 |   0.0 |      10 |       0 |   0.0
            +---------+---------+-------+---------+---------+-------
